 Dungeon Crawl Stone Soup version 0.24.0-123-gd5b16e6ec5 (webtiles) character file.

Game seed: 4738959525585656592, levelgen mode: deterministic

218 Descartes the Magician (level 5, -4/24 HPs)
             Began as a Spriggan Wizard on Dec 26, 2019.
             Killed from afar by an orc wizard (6 damage)
             ... with a magic dart
             ... on level 3 of the Dungeon.
             The game lasted 00:13:26 (6240 turns).

Descartes the Magician (Spriggan Wizard)            Turns: 6240, Time: 00:13:27

Health: -4/24      AC:  3    Str:  5      XL:     5   Next: 63%
Magic:  6/13       EV: 19    Int: 19 (20) God:
Gold:   140        SH:  0    Dex: 14 (15) Spells: 11/14 levels left

rFire    + . .     SeeInvis +   a - +1 rapier (holy)
rCold    . . .     Gourm    .   (shield restricted)
rNeg     . . .     Faith    .   k - +0 robe
rPois    .         Spirit   .   m - +1 hat
rElec    .         Reflect  .   (no cloak)
rCorr    .         Harm     .   (gloves unavailable)
MR       .....                  (boots unavailable)
Stlth    +++.......             (no amulet)
HPRegen  0.08/turn              j - ring of protection from fire
MPRegen  0.13/turn              (no ring)

@: very quick
A: very small, unfitting armour, horns 1, talons 1, see invisible, deterioration
1, herbivore, speed 3, slow metabolism 2, strong 1
a: no special abilities


You were on level 3 of the Dungeon.
You were not hungry.

You visited 1 branch of the dungeon, and saw 4 of its levels.

You collected 140 gold pieces.

Inventory:

Hand Weapons
 a - a +1 rapier of holy wrath (weapon)
 b - a +0 hunting sling
Missiles
 c - 33 poisoned darts (quivered)
 e - 70 arrows
 i - 70 stones
 x - 20 bolts
Armour
 k - a +0 robe (worn)
 m - a +1 hat (worn)
Magical Staves
 u - an uncursed staff of fire
Jewellery
 j - a ring of protection from fire (left hand)
Scrolls
 g - a scroll of enchant armour
 l - a scroll of immolation {unknown}
 n - 2 scrolls of teleportation {unknown}
 o - 2 scrolls of identify
 p - a scroll of fog {unknown}
 r - 4 scrolls of remove curse
 s - a scroll of random uselessness {unknown}
 y - a scroll of enchant weapon {unknown}
Potions
 f - a potion of lignification
 h - 2 potions of curing
 q - a potion of heal wounds {unknown}
 t - 2 potions of degeneration {unknown}
 v - a potion of experience {unknown}
 w - a potion of haste {unknown}
Comestibles
 d - 5 rations


   Skills:
 + Level 1.4 Short Blades
 + Level 1.5 Slings
 + Level 4.4 Dodging
 + Level 4.8 Stealth
 + Level 5.0 Spellcasting
 + Level 1.8 Conjurations
   Level 0.7 Summonings
 + Level 2.8 Translocations


You had 11 spell levels left.
You knew the following spells:

 Your Spells              Type           Power        Failure   Level  Hunger
a - Magic Dart            Conj           ##..         6%          1    None
b - Blink                 Tloc           N/A          6%          2    #......

Your spell library contained the following spells:

 Spells                   Type           Power        Failure   Level  Hunger
 Call Imp                 Summ           #.......     14%         2    #......
 Slow                     Hex            #.......     19%         2    #......
 Conjure Flame            Conj/Fire      #.......     26%         3    ##.....
 Mephitic Cloud           Conj/Pois/Air  #.......     28%         3    ##.....


Dungeon Overview and Level Annotations

Branches:
Dungeon (4/15)
 Temple: D:4-7

Altars:
Beogh


Innate Abilities, Weirdness & Mutations

You are very small and have problems with some larger weapons.
You are too small for most types of armour.
You have supernaturally acute eyesight. (SInv)
You are a herbivore.
You cover ground extremely quickly.
You need to consume almost no food.
You have a pair of small horns on your head.
You have sharp toenails.
Your body sometimes deteriorates upon taking damage.
Your muscles are strong. (Str +2)


Message History

The puff of flame hits you. You resist.
* * * LOW HITPOINT WARNING * * *
Your body deteriorates!
You feel clumsy.
There is a stone staircase leading down, spattered with blood here.
Casting: Magic Dart (safe; 6% risk of failure)
Confirm with . or Enter, or press ? or * to list all spells.
Aiming: Magic Dart (safe; 6% risk of failure)
Press: ? - help, Shift-Dir - straight line, f/p - orc wizard
Aim: an orc wizard, wielding a +0 dagger and wearing a cursed +0 robe (almost dead)
The magic dart hits the orc wizard but does no damage.
The orc wizard is almost dead.
The orc wizard hits you with a +0 dagger.
* * * LOW HITPOINT WARNING * * *
The orc wizard points at you and mumbles some strange words.
The puff of flame misses you.
The orc wizard casts a spell.
The orc wizard flickers and vanishes for a moment.
The orc wizard points at you and mumbles some strange words.
The magic dart hits you.
You die...

##..##.##
#.#####.##..........##
.#.###..####.#
#.........>....#
...<###...##.#
#.#............# ....#
###....# ##.#............#
....# ###..#
#..##..........## #####
#..####.###..o..#...##
#.......#...###.#####
######.###...........#
#####....<....@...#####..##
#................##
##..#####
#.................#
#.......
###.................#
#.......
....................#
#.......
###.................#
#.......
....................#
#.......
###................##
######## #####...........##


You could see an orc wizard (invisible).

Vanquished Creatures
  An orc wizard (D:4)
  A bullfrog skeleton (D:4)
  An iguana (D:4)
  A worker ant (D:4)
  4 adders
  A shadow imp (D:4)
  2 worms
  A dart slug (D:1)
  A leopard gecko (D:1)
  5 orcs
  4 bats
  2 giant cockroaches
  5 goblins
  9 hobgoblins
  7 jackals
  2 quokkas (D:3)
  2 frilled lizards
  3 kobolds
  7 rats
59 creatures vanquished.

Notes
Turn   | Place    | Note
-------+----------+-------------------------------------------
     0 | D:1      | Descartes the Spriggan Wizard began the quest for the Orb.
     0 | D:1      | Reached XP level 1. HP: 9/9 MP: 6/6
   460 | D:1      | Reached skill level 1 in Conjurations
   460 | D:1      | Reached XP level 2. HP: 12/13 MP: 0/8
  1912 | D:2      | Reached XP level 3. HP: 16/16 MP: 5/9
  2984 | D:2      | Learned a level 2 spell: Blink
  3901 | D:3      | Gained mutation: Your body sometimes deteriorates upon
                  | taking damage. [potion of mutation]
  3901 | D:3      | Gained mutation: Your muscles are strong. (Str +2) [potion
                  | of mutation]
  3901 | D:3      | Gained mutation: You have sharp toenails. [potion of
                  | mutation]
  3901 | D:3      | Gained mutation: You have a pair of small horns on your
                  | head. [potion of mutation]
  4135 | D:3      | Reached XP level 4. HP: 21/21 MP: 2/11
  4662 | D:3      | HP: 1/21 [poisoned by a worker ant]
  5449 | D:4      | Reached skill level 1 in Short Blades
  5449 | D:4      | Reached skill level 1 in Slings
  5449 | D:4      | Reached XP level 5. HP: 18/24 MP: 1/13
  5749 | D:4      | Reached skill level 5 in Spellcasting
  6188 | D:4      | Found a roughly hewn altar of Beogh.
  6228 | D:3      | HP: 1/24 [orc wizard/+0 dagger (3)]
  6240 | D:3      | Killed from afar by an orc wizard

Levels and vault maps discovered:
D:1:      nicolae_arrival_somewhat_less_tricky_arrival, layout_loops_corners,
          nrook_mini_vaults, corexii_item_surrounded_by_moat
D:2:      layout_basic
D:3:      layout_rooms, first_ration, corexii_hall_statues_deadend
D:4:      layout_rooms, kennysheep_orc_chapel

Skill      XL: |  1  2  3  4  5 |
---------------+----------------+-----
Conjurations   | 1 |  1.8
Stealth        | 4 |  4.8
Translocations | 2 |  2.8
Dodging        | 4 |  4.4
Short Blades   | 1 |  1.4
Slings         | 1 |  1.5
Spellcasting   | 5 |  5.0
Summonings     | |  0.7

Action                   |  1- 3 |  4- 6 || total
-------------------------+-------+-------++-------
Melee: Unarmed           |    10 |       ||    10
       Rapier            |     7 |    16 ||    23
       Kick              |       |     3 ||     3
       Headbutt          |       |     1 ||     1
 Cast: Magic Dart        |   175 |    92 ||   267
  Use: Scroll            |     6 |       ||     6
       Potion            |     1 |       ||     1
  Eat: Ration            |       |     1 ||     1
Armor: Robe              |     4 |     4 ||     8
Dodge: Dodged            |    57 |    38 ||    95
